 Dungeon Crawl Stone Soup version 0.23-a0-619-g281719c6f9 (webtiles) character file.

27814 K1ngMX the Severer (level 13, -1/116 HPs)
             Began as a Minotaur Berserker on Dec 20, 2018.
             Was a Priest of Trog.
             Slain by an alligator (10 damage)
             ... on level 5 of the Lair of Beasts on Dec 23, 2018.
             The game lasted 00:55:40 (16461 turns).

K1ngMX the Severer (Minotaur Berserker)            Turns: 16461, Time: 00:55:41

Health: -1/116     AC: 20    Str: 26    XL:     13   Next: 6%
Magic:  4/4        EV: 15    Int:  4    God:    Trog [***...]
Gold:   800        SH:  0    Dex: 22    Spells: 12/12 levels left

rFire    . . .     SeeInvis .   L - +6 war axe (antimagic)
rCold    + . .     Gourm    +   (no shield)
rNeg     . . .     Faith    .   b - +1 plate armour {rC+}
rPois    .         Spirit   .   (helmet restricted)
rElec    .         Reflect  .   e - +2 cloak {+Inv}
rCorr    .         Harm     .   (no gloves)
MR       ++...                  j - +0 pair of boots
Stlth    ..........             Q - amulet "Doriug" {Gourm Str-2 Dex+6}
HPRegen  1.29/turn              S - +5 ring of dexterity
MPRegen  0.09/turn              z - +2 ring of strength

@: berserk cooldown, very slightly contaminated, regenerating, slowed, drained,
very slow
A: retaliatory headbutt, horns 2
a: Berserk, Trog's Hand, Renounce Religion, Evoke Invisibility


You were on level 5 of the Lair of Beasts.
You worshipped Trog.
Trog was most pleased with you.
You were very full.

You visited 2 branches of the dungeon, and saw 15 of its levels.

You collected 995 gold pieces.
You spent 195 gold pieces at shops.

Inventory:

Hand Weapons
 u - a +3 hand axe of venom
 L - a +6 antimagic war axe (weapon)
 N - a +1 scimitar of flaming
Armour
 b - a +1 plate armour of cold resistance (worn)
 e - a +2 cloak of invisibility (worn)
 j - a +0 pair of boots (worn)
 l - a +2 cloak
 H - a +0 plate armour
 J - a -1 chain mail
Jewellery
 v - an uncursed amulet of harm
 z - a +2 ring of strength (right hand)
 I - an uncursed ring of resist corrosion
 O - the amulet "Yzijuacw" {RegenMP rF- Str+6}
   (You found it on level 10 of the Dungeon)

   [amulet of magic regeneration]

   It increases your magic regeneration.
   It affects your strength (+6).
   It makes you vulnerable to fire.
 Q - the amulet "Doriug" (around neck) {Gourm Str-2 Dex+6}
   (You found it on level 10 of the Dungeon)

   [amulet of the gourmand]

   It allows you to eat raw meat even when not hungry.
   It affects your strength (-2).
   It affects your dexterity (+6).
 S - a +5 ring of dexterity (left hand)
 W - an uncursed ring of attention
 Y - an uncursed amulet of faith
Wands
 f - a wand of clouds (2)
 E - a wand of enslavement (8)
 M - a wand of paralysis (10)
 R - a wand of digging (8)
 U - a wand of acid (8)
 X - a wand of random effects (47)
Scrolls
 k - 12 scrolls of identify
 m - 2 scrolls of random uselessness
 r - 3 scrolls of blinking
 x - 4 scrolls of brand weapon {unknown}
 y - a scroll of fear {unknown}
 A - 5 scrolls of enchant armour
 B - 4 scrolls of teleportation
 D - 4 scrolls of enchant weapon
 F - a scroll of holy word {unknown}
 G - a scroll of immolation {unknown}
 K - a scroll of summoning
 P - a scroll of silence {unknown}
 T - 2 scrolls of vulnerability {unknown}
 V - a scroll of remove curse
Potions
 a - 2 potions of agility {unknown}
 d - 6 potions of curing
 g - 2 potions of cancellation {unknown}
 h - 7 potions of flight
 i - a potion of brilliance
 n - 3 potions of haste
 o - a potion of magic
 p - 6 potions of lignification
 q - 4 potions of ambrosia
 s - 6 potions of might
 t - a potion of invisibility {unknown}
 w - 2 potions of heal wounds
 C - 2 potions of degeneration {unknown}
Comestibles
 c - 21 rations


   Skills:
 + Level 11.3(11.1) Fighting
 - Level 18.0(17.8) Axes
 + Level 10.9(10.7) Armour
 + Level 10.2(10.0) Dodging


You had 12 spell levels left.
You didn't know any spells.
Your spell library was empty.

Dungeon Overview and Level Annotations

Branches:
Dungeon (10/15)            Temple (0/1) D:5            Lair (5/6) D:10
 Shoals (0/4) Lair:3       Spider (0/4) Lair:4
  Slime: Lair:5-6       Orc: D:9-12

Altars:
Ashenzari
Fedhas
Makhleb
Nemelex Xobeh
Sif Muna
Vehumet

Shops:
D:6 ?   D:9 [

Portals:
Trove: D:10 (give +4 shadow dragon scales)


Innate Abilities, Weirdness & Mutations

You reflexively headbutt those who attack you in melee.
You have a pair of horns on your head.


Message History

* * * LOW HITPOINT WARNING * * *
The alligator tail-slaps you.
* * * LOW HITPOINT WARNING * * *
The six-headed hydra bites you but does no damage. x2
The six-headed hydra barely misses you.
The six-headed hydra closely misses you. x2
The six-headed hydra bites you but does no damage.
The alligator bites you but does no damage.
The alligator tail-slaps you but does no damage.
The six-headed hydra bites you!
* * * LOW HITPOINT WARNING * * *
The six-headed hydra bites you!
* * * LOW HITPOINT WARNING * * *
The six-headed hydra bites you but does no damage.
The six-headed hydra bites you.
* * * LOW HITPOINT WARNING * * *
The six-headed hydra misses you.
The six-headed hydra completely misses you.
The alligator bites you!
You die...

P.≈≈#≈#≈≈..♣# #♣.♣# #♣.♣# #♣..###
.≈#≈≈≈≈#≈..♣ ♣♣♣ ♣♣♣ ♣...##
.≈≈≈P≈≈≈≈..♣# #♣.♣# #♣.♣# #♣....#
.≈≈≈≈..≈≈...♣♣♣...♣♣♣...♣♣♣....(.
...P.#.##........................
.#≈.≈≈P.....#...............#....
.P.≈≈≈≈P≈............#....P#.#...
.≈..≈≈≈≈≈..P...D...........####..
#≈P≈≈≈#≈≈####..t@....P.....###.P.
≈≈≈≈≈≈≈### #####....#.....#...P.
#≈≈.≈##≈# ####...............
##.≈≈# ## ##P........#.....PP.
≈≈≈.≈≈# #####....P..............
≈≈.≈#≈≈≈##..#...........#........
≈≈#≈.≈≈##P.............#.........
≈≈≈≈.#≈≈#.....####............†.#
##≈≈≈$≈≈##..#.###..#.............


You could see an alligator and a six-headed hydra.

Vanquished Creatures
  A death yak (Lair:3)
  2 centaur warriors (D:10)
  An alligator (Lair:5)
  4 two-headed ogres
  Nergalle (D:10)
  A fire crab (D:10)
  A swamp dragon (Lair:5)
  A manticore (Lair:3)
  An ugly thing (D:10)
  A black mamba (Lair:5)
  4 elephants (Lair:4)
  11 spiny frogs
  A torpor snail (Lair:3)
  2 rime drakes
  An efreet (D:10)
  6 komodo dragons
  A troll (D:10)
  A polar bear (Lair:5)
  3 blink frogs (Lair:5)
  6 hippogriffs
  A slime creature (Lair:5)
  17 yaks
  Sigmund (D:5)
  2 redbacks (Lair:4)
  3 wyverns
  A basilisk (Lair:1)
  A hungry ghost (D:10)
  A vampire mosquito (Lair:5)
  2 swamp worms (Lair:5)
  Edmund (D:6)
  4 water moccasins
  A hornet zombie (D:6)
  5 porcupines
  3 ice beasts
  2 orc warriors (D:10)
  4 ogres
  2 sky beasts (D:10)
  3 phantoms
  4 necrophages
  3 wolves (Lair:1)
  3 centaurs
  9 crocodiles
  A big kobold (D:9)
  8 bullfrogs
  3 scorpions
  14 killer bees
  7 howler monkeys
  2 crimson imps
  2 centaur zombies
  2 bullfrog zombies (D:9)
  3 jellies
  3 orc priests
  3 hounds
  9 orc wizards
  3 bullfrog skeletons
  A centaur skeleton (D:8)
  3 iguanas
  Natasha (thrice) (D:4)
  8 worker ants
  A hound zombie (D:10)
  A hound skeleton (D:10)
  2 mummies (D:9)
  5 gnolls
  11 adders
  2 oozes
  2 adder skeletons
  An adder zombie (D:9)
  2 worms
  2 dart slugs
  3 leopard geckos
  22 orcs
  2 ball pythons
  3 bats
  8 giant cockroaches
  5 goblins
  5 hobgoblins
  11 jackals
  8 kobolds
  4 quokkas
  4 frilled lizards
  4 rats
  A fungus (Lair:2)
  A plant (Lair:5)
308 creatures vanquished.

Vanquished Creatures (collateral kills)
  An orc warrior (D:9)
1 creature vanquished.

Vanquished Creatures (others)
  2 fungi
  2 plants
4 creatures vanquished.

Grand Total: 313 creatures vanquished

Notes
Turn   | Place    | Note
-------+----------+-------------------------------------------
     0 | D:1      | K1ngMX the Minotaur Berserker began the quest for the Orb.
     0 | D:1      | Reached XP level 1. HP: 19/19 MP: 0/0
   252 | D:1      | Reached XP level 2. HP: 27/27 MP: 1/1
   707 | D:1      | Found a sparkling altar of Nemelex Xobeh.
   713 | D:1      | Reached skill level 4 in Axes
   897 | D:2      | Reached XP level 3. HP: 33/33 MP: 2/2
  1084 | D:2      | Reached ** piety under Trog
  1356 | D:2      | Reached XP level 4. HP: 35/40 MP: 3/3
  1650 | D:3      | Reached skill level 5 in Axes
  2372 | D:4      | Reached skill level 6 in Axes
  2372 | D:4      | Reached XP level 5. HP: 45/46 MP: 4/4
  2507 | D:4      | Noticed Natasha
  2509 | D:4      | Noticed an ice beast
  2528 | D:4      | Killed Natasha
  2547 | D:4      | Killed an ice beast
  2547 | D:4      | Reached *** piety under Trog
  2547 | D:4      | Reached skill level 7 in Axes
  2547 | D:4      | Reached XP level 6. HP: 20/52 MP: 5/5
  2795 | D:4      | Noticed Natasha
  2803 | D:4      | Reached skill level 8 in Axes
  2809 | D:4      | Killed Natasha
  2858 | D:4      | Noticed Natasha
  2875 | D:4      | Killed Natasha
  3317 | D:5      | Entered Level 5 of the Dungeon
  3317 | D:5      | Noticed Sigmund
  3327 | D:5      | Killed Sigmund
  3327 | D:5      | Reached skill level 9 in Axes
  3327 | D:5      | Reached XP level 7. HP: 57/59 MP: 6/6
  3393 | D:5      | Found a staircase to the Ecumenical Temple.
  3439 | D:5      | Reached skill level 10 in Axes
  3650 | D:5      | Reached skill level 11 in Axes
  3650 | D:5      | Reached XP level 8. HP: 63/66 MP: 7/7
  3964 | D:5      | Found a burning altar of Makhleb.
  4027 | D:6      | Reached skill level 12 in Axes
  4178 | D:6      | Found Dieczeun's Magic Scroll Shoppe.
  4197 | D:6      | Noticed Edmund
  4209 | D:6      | Killed Edmund
  4364 | D:6      | Found a shattered altar of Ashenzari.
  4394 | D:6      | Reached skill level 13 in Axes
  4748 | D:7      | Reached XP level 9. HP: 55/71 MP: 8/8
  5101 | D:7      | Reached skill level 14 in Axes
  5198 | D:7      | Reached **** piety under Trog
  5334 | D:7      | Found a radiant altar of Vehumet.
  5788 | D:8      | Reached skill level 15 in Axes
  6080 | D:8      | Found a blossoming altar of Fedhas.
  6346 | D:8      | Noticed a two-headed ogre
  6351 | D:8      | Killed a two-headed ogre
  6351 | D:8      | Reached skill level 16 in Axes
  6355 | D:8      | Reached XP level 10. HP: 79/79 MP: 9/9
  6959 | D:9      | Reached ***** piety under Trog
  7168 | D:9      | Noticed a two-headed ogre
  7179 | D:9      | Killed a two-headed ogre
  7179 | D:9      | Reached skill level 17 in Axes
  7416 | D:9      | Found Qytsi's Antique Armour Emporium.
  7426 | D:9      | Bought a shiny chain mail for 195 gold pieces
  7942 | D:9      | Found a deep blue altar of Sif Muna.
  8045 | D:10     | Entered Level 10 of the Dungeon
  8063 | D:10     | Received a gift from Trog
  8239 | D:10     | Noticed a centaur warrior
  8244 | D:10     | Killed a centaur warrior
  8244 | D:10     | Reached skill level 18 in Axes
  8428 | D:10     | Noticed a purple ugly thing
  8434 | D:10     | Killed a purple ugly thing
  8514 | D:10     | Noticed a two-headed ogre
  8521 | D:10     | Killed a two-headed ogre
  8521 | D:10     | Reached skill level 5 in Fighting
  8521 | D:10     | Reached XP level 11. HP: 85/85 MP: 3/10
  8562 | D:10     | Noticed a fire crab
  8637 | D:10     | Noticed a two-headed ogre
  8644 | D:10     | Killed a two-headed ogre
  8923 | D:10     | Killed a fire crab
  9146 | D:10     | Noticed a centaur warrior
  9147 | D:10     | Reached skill level 5 in Armour
  9153 | D:10     | Killed a centaur warrior
  9153 | D:10     | Reached skill level 5 in Dodging
  9534 | D:10     | Got an ancient bronze amulet
  9545 | D:10     | Found a portal to a secret trove of treasure.
  9744 | D:10     | Noticed Nergalle
  9754 | D:10     | Killed Nergalle
 10153 | D:10     | Found a staircase to the Lair.
 10478 | D:10     | Got a clouded pewter amulet
 10679 | Lair:1   | Entered Level 1 of the Lair of Beasts
 11316 | Lair:1   | Found a frozen archway.
 11467 | Lair:1   | Reached XP level 12. HP: 101/103 MP: 3/11
 11975 | Lair:1   | Upgraded the game from 0.23-a0-607-g760965b753 to
                  | 0.23-a0-608-g7a20e1320a
 11975 | Lair:1   | Upgraded the game from 0.23-a0-608-g7a20e1320a to
                  | 0.23-a0-619-g281719c6f9
 13000 | Lair:3   | Noticed a death yak
 13019 | Lair:3   | Killed a death yak
 13392 | Lair:3   | Found a staircase to the Shoals.
 13407 | Lair:3   | Reached skill level 10 in Fighting
 14695 | Lair:4   | Reached skill level 10 in Armour
 14965 | Lair:4   | Found a hole to the Spider Nest.
 15821 | Lair:5   | Identified the amulet "Yzijuacw" {RegenMP rF- Str+6} (You
                  | found it on level 10 of the Dungeon)
 15823 | Lair:5   | Identified the amulet "Doriug" {Gourm Str-2 Dex+6} (You
                  | found it on level 10 of the Dungeon)
 15830 | Lair:5   | Found a dark tunnel.
 16218 | Lair:5   | Reached skill level 10 in Dodging
 16425 | Lair:5   | Noticed an alligator
 16438 | Lair:5   | Killed an alligator
 16438 | Lair:5   | Reached XP level 13. HP: 87/116 MP: 4/12
 16461 | Lair:5   | Slain by an alligator

Vault maps used:
D:1:      dpeg_arrival_stonehenge_12_columns, minivault_24,
          grunt_decor_one_mirror, nemelex_xobeh_ov_fountains_minmay
D:2:      first_ration, palyth_stone_intersect, serial_bayou_lagoon_b
D:3:      cheibrodos_old_hovel
D:4:      uniq_natasha
D:5:      makhleb_blood_cavern_becter, minmay_temple_entry_slanted, uniq_sigmund
D:6:      serial_shops, shop, ashenzari_altar_1, uniq_edmund
D:7:      vehumet_crystals
D:8:      grunt_ogre_cave, fedhas_altar_decomposition
D:9:      kennysheep_orc_sif_temple, serial_undead, serial_undead_c,
          serial_undead_f, serial_undead_c, serial_undead_c, serial_shops, shop
D:10:     david_lair_shrubbed, enter_trove_2, minmay_evil_grid, uniq_nergalle
Lair:1:   portal_ice_cave_entry_pillars_1, beast_lair_carwin_3,
          grunt_megastairs_3
Lair:3:   minmay_shoals_entry_beasts, serial_rivers,
          chequers_serial_rivers_micro_a, chequers_serial_rivers_micro_b,
          chequers_serial_rivers_small_b, chequers_serial_rivers_small_a
Lair:4:   spider_nest_entry_webs, wad_woods_road_05
Lair:5:   onia_ninara_swampy_vault, nicolae_volcano_entry_hallway,
          minmay_stone_trees_large

Skill      XL: |  1  2  3  4  5  6  7  8  9 10 11 12 |
---------------+-------------------------------------+-----
Fighting       | 4 5 8 11 | 11.3
Axes           | 4 6 7 9 11 13 16 18 | 18.0
Armour         | 3 8 10 | 10.9
Dodging        | 3 7 10 | 10.2

Action                   |  1- 3 |  4- 6 |  7- 9 | 10-12 | 13-15 || total
-------------------------+-------+-------+-------+-------+-------++-------
Melee: Hand axe          |    44 |   107 |   280 |   135 |       ||   566
       Headbutt          |    12 |    18 |    60 |   135 |       ||   225
       War axe           |       |       |       |   391 |     3 ||   394
Invok: Berserk           |       |     2 |     1 |     7 |       ||    10
       Trog's Hand       |       |       |       |       |     1 ||     1
  Use: Scroll            |       |     1 |    12 |     6 |     1 ||    20
       Potion            |       |       |     1 |     1 |       ||     2
  Eat: Chunk             |     1 |     6 |     8 |    34 |       ||    49
       Ration            |       |     1 |       |     6 |       ||     7
Armor: Animal skin       |     4 |       |       |       |       ||     4
       Scale mail        |     8 |    37 |    42 |       |       ||    87
       Plate armour      |       |       |    67 |    46 |    20 ||   133
       Chain mail        |       |       |       |   134 |       ||   134
Dodge: Dodged            |    36 |    57 |    84 |   193 |    31 ||   401

Table legend:
 A = Non-vault XP
 B = Vault XP
 C = Vault XP percentage of total XP
 D = Non-vault monster count
 E = Vault monster count
 F = Vault count percentage of total count
                 A         B        C        D         E       F
            +---------+---------+-------+---------+---------+-------
      Total |   27293 |   12442 |  31.3 |     262 |      45 |  14.7
            +---------+---------+-------+---------+---------+-------
        D:1 |      36 |       0 |   0.0 |      10 |       0 |   0.0
        D:2 |      69 |       0 |   0.0 |      17 |       0 |   0.0
        D:3 |      26 |       2 |   7.1 |      15 |       1 |   6.2
        D:4 |     545 |      35 |   6.0 |      19 |       1 |   5.0
        D:5 |     860 |     252 |  22.7 |      14 |       2 |  12.5
        D:6 |     530 |     153 |  22.4 |      13 |       1 |   7.1
        D:7 |    1427 |       0 |   0.0 |      25 |       0 |   0.0
        D:8 |    1920 |     118 |   5.8 |      30 |       1 |   3.2
        D:9 |    1801 |     520 |  22.4 |      19 |       8 |  29.6
       D:10 |    2674 |    5670 |  68.0 |      34 |      11 |  24.4
     Lair:1 |    3985 |    2049 |  34.0 |      18 |       9 |  33.3
     Lair:2 |    2467 |       0 |   0.0 |      13 |       0 |   0.0
     Lair:3 |    4500 |     788 |  14.9 |      16 |       2 |  11.1
     Lair:4 |    3055 |     427 |  12.3 |       9 |       2 |  18.2
     Lair:5 |    3398 |    2428 |  41.7 |      10 |       7 |  41.2
            +---------+---------+-------+---------+---------+-------
